Map: Orbital Shipyard

Players

Nerchio - Winner!

  • Race: Zerg Zerg
  • League: Grandmaster

LiquidTLO (TLO)

  • Race: Zerg Zerg
  • League: Grandmaster

Event: DreamHack ROCCAT LotV Championship

VOD

Have the link to the VOD?

Description

Time

  • Played on: Nov. 26, 2015, 12:36 p.m.
  • Length: 11:53

All games in this series

Show
View Real Time Build Order
Export as new Build Order

Nerchio Zerg - Winner!

Build Orders: Hatch First 

Get SALT Encoding   

  12  0:00  Drone  
  13  0:12  Overlord  
  13  0:17  Drone  
  14  0:30  Drone x2  
  14  0:34  Drone  
  17  0:52  Hatchery  
  17  0:54  Drone  
  17  0:58  Drone  
  17  1:02  Extractor  
  17  1:13  Spawning Pool  
  17  1:16  Drone  
  17  1:19  Drone  
  18  1:28  Drone  
  19  1:39  Overlord  
  19  2:00  Zergling x4  
  19  2:01  Queen  
  21  2:03  Queen  
  21  2:05  Metabolic Boost  
  25  2:10  Zergling x2  
  25  2:15  Drone x2  
  28  2:24  Baneling Nest  
  28  2:25  Drone  
  28  2:34  Drone x2  
  30  2:37  Drone  
  30  2:43  Drone  
  32  2:47  Queen  
  34  2:54  Overlord  
  34  3:03  Zergling x4  
  36  3:08  Baneling  
  36  3:13  Drone x5  
  36  3:17  Overlord  
  41  3:21  Overlord  
  41  3:33  Roach Warren  
  40  3:34  Extractor  
  40  3:37  Drone x3  
  42  3:41  Drone x2  
  42  3:43  Drone  
  44  3:57  Hatchery  
  43  4:05  Drone x5  
  43  4:09  Overlord  
  48  4:13  Baneling x2  
  49  4:17  Drone x2  
  49  4:18  Drone, Extractor  
  49  4:21  Drone  
  51  4:25  Drone  
  51  4:26  Drone x2  
  51  4:27  Drone  
  55  4:33  Evolution Chamber  
  55  4:35  Drone  
  55  4:37  Queen  
  57  4:44  Lair  
  57  4:46  Drone  
  57  4:47  Drone  
  57  4:48  Drone  
  61  4:52  Drone  
  61  4:53  Drone x2  
  61  4:55  Extractor  
  61  4:57  Overlord  
  62  5:02  Overlord  
  61  5:11  Queen  
  61  5:12  Spore Crawler  
  61  5:13  Pneumatized Carapace, Roach  
  64  5:14  Baneling  
  64  5:18  Roach  
  64  5:20  Roach  
  68  5:22  Roach  
  68  5:27  Roach x3  
  75  5:33  Roach x2  
  75  5:35  Roach  
  77  5:36  Drone  
  77  5:37  Drone  
  77  5:42  Drone x3  
  79  5:44  Glial Reconstitution  
  79  5:48  Queen  
  81  5:51  Overseer  
  81  5:56  Drone x3  
  81  5:57  Drone x3  
  86  6:02  Zerg Missile Weapons Level 1  
  86  6:03  Overlord  
  87  6:05  Overlord  
  87  6:10  Extractor  
  86  6:13  Drone  
  86  6:14  Drone x3  
  86  6:17  Overlord  
  90  6:19  Overlord  
  90  6:20  Evolution Chamber  
  90  6:23  Drone x3  
  90  6:25  Drone  
  93  6:26  Drone  
  93  6:28  Drone  
  93  6:32  Extractor  
  94  6:33  Drone x4  
  94  6:34  Drone  
  94  6:39  Hydralisk Den  
  98  6:46  Roach x5  
  108  6:50  Roach x2  
  108  6:52  Roach  
  108  6:53  Roach  
  117  6:55  Roach  
  117  6:56  Ravager x3  
  117  6:59  Overlord  
  117  7:00  Overlord  
  122  7:03  Overlord  
  122  7:06  Overlord  
  122  7:10  Spine Crawler  
  122  7:11  Spine Crawler  
  122  7:12  Roach  
  122  7:13  Overlord  
  122  7:18  Roach x3  
  122  7:20  Roach  
  130  7:23  Overseer, Roach  
  130  7:25  Roach  
  130  7:26  Roach  
  130  7:28  Roach  
  138  7:32  Overseer  
  137  7:37  Extractor  
  137  7:41  Lurker Den  
  137  7:42  Hydralisk  
  137  7:43  Hydralisk  
  140  7:45  Hydralisk  
  140  7:47  Hatchery, Hydralisk  
  143  7:51  Zerg Ground Armor Level 1  
  143  7:53  Hydralisk  
  143  7:55  Hydralisk  
  143  7:57  Hydralisk  
  149  8:04  Hydralisk x2  
  153  8:08  Drone  
  153  8:09  Drone  
  153  8:10  Overlord x2  
  155  8:13  Hatchery, Overlord  
  155  8:14  Overlord  
  154  8:23  Overlord  
  154  8:27  Zerg Missile Weapons Level 2  
  154  8:33  Roach x7  
  168  8:34  Roach  
  168  8:36  Roach  
  168  8:39  Roach  
  168  8:40  Roach  
  176  8:42  Ravager x2  
  176  8:43  Ravager x2, Roach  
  176  8:45  Roach  
  176  8:47  Roach  
  186  8:49  Roach  
  186  8:50  Roach  
  186  8:54  Roach x2  
  194  8:57  Roach  
  194  8:58  Roach  
  198  9:03  Roach  
  198  9:06  Roach  
  200  9:16  Roach  
  200  9:21  Roach x5  
  198  9:25  Roach x3  
  198  9:27  Roach  
  198  9:28  Roach x2  
  198  9:30  Roach  
  200  9:31  Roach  
  200  9:32  Roach x2  
  200  9:38  Roach x2  
  180  9:39  Roach x2  
  180  9:42  Roach  
  180  9:44  Roach  
  160  9:49  Roach x2  
  160  9:50  Roach x2  
  160  9:51  Roach  
  150  9:54  Roach  
  150  9:57  Ravager x3  
  150  10:01  Roach x3  
  150  10:04  Roach  
  156  10:07  Ravager  
  156  10:10  Roach  
  156  10:11  Roach  
  155  10:14  Roach  
  155  10:16  Roach  
  155  10:18  Roach x3  
  150  10:21  Roach  
  150  10:23  Roach  
  150  10:24  Roach  
  150  10:26  Roach  
  154  10:29  Roach x2  
  154  10:31  Roach  
  154  10:32  Roach  
  154  10:34  Roach  
  162  10:36  Roach  
  162  10:39  Roach x2  
  170  10:43  Roach  
  170  10:44  Roach x2  
  170  10:48  Roach x2  
  170  10:49  Roach  
  180  10:54  Roach  
  182  10:59  Roach x2  
  176  11:05  Roach x2  
  176  11:08  Roach x2  
  167  11:11  Roach  
  167  11:15  Ravager x4  
  167  11:17  Roach  
  177  11:18  Roach  
  177  11:20  Roach  
  177  11:22  Roach  
  177  11:23  Roach  
  185  11:25  Roach  
  185  11:28  Roach  
  185  11:29  Roach  
  185  11:30  Roach  
Show
View Real Time Build Order
Export as new Build Order

LiquidTLO Zerg 

Build Orders: Hatch First 

Get SALT Encoding   

  12  0:00  Drone  
  13  0:12  Overlord  
  13  0:17  Drone  
  14  0:31  Drone x2  
  16  0:48  Hatchery  
  15  0:51  Drone  
  16  1:05  Spawning Pool  
  16  1:08  Drone  
  16  1:11  Extractor  
  15  1:14  Drone  
  15  1:18  Drone  
  17  1:22  Drone  
  18  1:36  Drone  
  19  1:52  Queen  
  19  1:53  Zergling x2  
  22  2:00  Queen  
  24  2:02  Drone  
  24  2:03  Overlord  
  24  2:04  Drone  
  26  2:11  Drone  
  26  2:12  Metabolic Boost  
  27  2:16  Drone  
  28  2:23  Drone  
  28  2:28  Zergling x2  
  30  2:36  Zergling x2  
  31  2:38  Evolution Chamber  
  31  2:39  Zergling x2  
  31  2:44  Drone, Baneling Nest  
  32  2:48  Zergling x2  
  32  2:53  Overlord  
  32  3:01  Drone  
  32  3:04  Drone  
  33  3:05  Overlord  
  33  3:06  Drone x2  
  35  3:13  Zergling x2  
  35  3:16  Drone  
  35  3:18  Zerg Melee Weapons Level 1  
  35  3:19  Drone  
  38  3:21  Drone  
  38  3:23  Drone  
  38  3:24  Drone  
  40  3:35  Drone  
  40  3:38  Baneling  
  40  3:39  Drone x2  
  43  3:41  Overlord  
  43  3:43  Drone  
  43  3:45  Overlord  
  43  3:47  Drone  
  45  3:57  Drone  
  45  3:58  Overlord  
  45  4:00  Extractor  
  45  4:02  Drone  
  46  4:08  Hatchery  
  46  4:09  Drone  
  46  4:10  Drone  
  46  4:12  Zergling x2  
  46  4:13  Drone  
  46  4:15  Baneling  
  46  4:16  Zergling x2  
  50  4:18  Drone  
  50  4:20  Drone  
  52  4:27  Lair  
  52  4:28  Drone  
  52  4:29  Drone  
  52  4:30  Drone  
  54  4:32  Drone  
  54  4:35  Drone  
  54  4:36  Extractor x2  
  54  4:39  Zergling x2  
  54  4:42  Evolution Chamber  
  54  4:45  Roach Warren  
  54  4:46  Zergling x2  
  54  4:49  Overlord  
  54  4:52  Overlord  
  54  4:59  Overlord  
  54  5:03  Drone, Queen  
  57  5:08  Drone x2  
  57  5:11  Zergling x2  
  57  5:12  Zerg Missile Weapons Level 1  
  60  5:16  Zerg Ground Armor Level 1  
  60  5:18  Drone  
  61  5:26  Drone x2  
  63  5:32  Drone  
  63  5:33  Drone, Glial Reconstitution  
  63  5:35  Drone x3  
  65  5:37  Drone  
  65  5:38  Drone  
  64  5:45  Drone x5  
  64  5:48  Roach  
  64  5:49  Roach  
  72  5:51  Roach  
  72  5:55  Roach  
  75  5:58  Roach  
  75  5:59  Roach  
  79  6:05  Nydus Network, Roach, Extractor  
  79  6:06  Extractor  
  79  6:07  Drone  
  79  6:10  Roach  
  79  6:11  Spire  
  81  6:13  Overlord, Roach x2  
  81  6:15  Drone  
  86  6:22  Nydus Network, Roach  
  86  6:23  Roach  
  86  6:24  Drone, Roach  
  86  6:25  Roach x2  
  97  6:28  Drone  
  97  6:30  Overlord  
  98  6:33  Overlord  
  98  6:36  Overlord x2  
  98  6:39  Overlord  
  98  6:42  Overlord  
  98  6:44  Overlord  
  98  6:53  Drone  
  99  6:56  Drone x2, Infestation Pit  
  99  6:58  Drone  
  99  7:00  Drone  
  99  7:01  Drone  
  104  7:04  Pneumatized Carapace  
  104  7:07  Hatchery  
  103  7:09  Overseer, Roach  
  103  7:11  Zerg Missile Weapons Level 2  
  105  7:16  Drone  
  105  7:19  Zerg Ground Armor Level 2  
  105  7:21  Roach  
  108  7:23  Drone  
  108  7:25  Roach x2  
  108  7:28  Roach x2  
  117  7:34  Overseer, Roach  
  119  7:39  Pathogen Glands  
  119  7:40  Overlord  
  119  7:42  Roach x3  
  119  7:44  Overlord  
  125  7:47  Overseer, Roach  
  125  7:48  Roach  
  129  7:52  Roach  
  129  7:55  Overlord  
  131  8:01  Roach  
  131  8:03  Roach  
  131  8:04  Roach  
  127  8:08  Infestor x2  
  127  8:10  Overlord  
  131  8:16  Infestor  
  131  8:17  Infestor  
  131  8:19  Roach  
  137  8:20  Drone  
  137  8:21  Drone x2, Queen  
  137  8:23  Roach x2  
  137  8:25  Roach x2  
  150  8:27  Roach  
  150  8:29  Roach  
  150  8:31  Roach  
  150  8:33  Roach  
  150  8:34  Roach  
  160  8:46  Hive, Drone  
  160  8:48  Extractor  
  160  8:49  Extractor  
  160  8:52  Ravager x3  
  160  8:54  Roach  
  160  8:55  Roach  
  166  8:56  Roach x2  
  166  8:58  Roach  
  166  9:00  Roach  
  166  9:02  Roach  
  176  9:03  Roach  
  176  9:05  Roach  
  176  9:09  Roach  
  180  9:11  Roach  
  180  9:13  Hatchery, Roach  
  179  9:19  Roach  
  179  9:20  Roach  
  179  9:21  Roach  
  179  9:22  Roach  
  179  9:23  Roach  
  179  9:24  Roach  
  183  9:26  Roach x3  
  183  9:28  Roach x3  
  168  9:33  Roach  
  168  9:35  Roach  
  168  9:36  Roach  
  150  9:39  Roach  
  150  9:43  Roach x2  
  150  9:45  Roach  
  136  9:46  Roach  
  136  9:47  Drone  
  136  9:50  Roach  
  136  9:52  Roach  
  125  9:53  Roach  
  125  9:54  Roach  
  125  9:55  Roach  
  125  9:56  Ravager x2  
  125  9:57  Drone  
  125  9:58  Roach  
  134  10:02  Roach  
  134  10:05  Drone  
  135  10:07  Drone  
  132  10:14  Roach x2  
  132  10:17  Roach  
  118  10:23  Roach x5  
  118  10:27  Roach  
  124  10:35  Roach x2  
  130  10:38  Roach x3  
  134  10:44  Roach x2  
  134  10:46  Drone  
  134  10:47  Roach  
  137  10:56  Roach  
  137  10:57  Roach  
  125  11:04  Roach  
  125  11:06  Roach  
  125  11:07  Roach  
  125  11:08  Roach x2  
  125  11:09  Roach  
  125  11:11  Roach  
  115  11:13  Roach  
  115  11:15  Roach  
  115  11:16  Roach  
  115  11:19  Ravager, Roach  
  115  11:20  Ravager  
  115  11:22  Roach  
  115  11:23  Roach  
  115  11:25  Roach  
  121  11:30  Roach  
  121  11:32  Roach  

Tags
 
Add a new tag
Caveats
  • Supply blocks, unpowered buildings, or Contaminate may cause inaccurate times.
  • Supply counts are checked every 10 seconds.